 Dungeon Crawl Stone Soup version 0.17-a0-1830-g81820eb (webtiles) character file.

707 Stormsson the Covert (level 7, -1/36 HPs)
             Began as a Spriggan Assassin on Sept 13, 2015.
             Slain by a centaur (9 damage)
             ... on level 5 of the Dungeon.
             The game lasted 00:22:32 (4509 turns).

Stormsson the Covert (Spriggan Assassin)            Turns: 4509, Time: 00:22:32

Health: -1/36      AC:  5    Str:  7    XL:     7   Next: 39%
Magic:  8/8        EV: 17    Int: 12    God:
Gold:   333        SH:  0    Dex: 20    Spells: 0 memorised, 6 levels left

rFire  . . .     SeeInvis +     a - +2 dagger
rCold  . . .     Clarity  .     c - +0 robe
rNeg   . . .     SustAt   .     (shield restricted)
rPois  .         Gourm    .     (helmet restricted)
rElec  .         Spirit   .     r - +0 cloak
rCorr  .         Warding  .     (gloves unavailable)
rMut   .         Stasis   .     (boots unavailable)
MR     +....                    j - amulet of rage
Stlth  +++++.....               (no ring)
                                n - +2 ring of protection

@: very quick, somewhat resistant to hostile enchantments, quite stealthy
A: unfitting armour, see invisible, herbivore 3, speed 3, slow metabolism 2
a: Evoke Berserk Rage


You were on level 5 of the Dungeon.
You were not hungry.

You visited 1 branch of the dungeon, and saw 5 of its levels.

You collected 333 gold pieces.

Inventory:

Hand weapons
 a - a +2 dagger (weapon)
 b - a +0 blowgun
 m - a +2 dagger of holy wrath
 t - a +1 dagger of speed
Missiles
 e - 35 poisoned needles (quivered)
 f - 2 curare-tipped needles
Armour
 c - a +0 robe (worn)
 d - a +0 cloak
 r - a +0 cloak (worn)
Jewellery
 j - an amulet of rage (around neck)
 n - a +2 ring of protection (left hand)
Magical devices
 q - a wand of random effects (5)
Scrolls
 k - 3 scrolls of remove curse
 l - 3 scrolls of identify
 o - 2 scrolls of magic mapping {unknown}
 p - 4 scrolls of teleportation
 s - a scroll of enchant weapon {unknown}
 v - a scroll of fear
Potions
 h - 4 potions of curing
Comestibles
 g - 2 bread rations
 i - 6 fruits
 u - a slice of pizza


   Skills:
 + Level 3.3 Fighting
 * Level 6.0 Short Blades
 - Level 2.1 Throwing
 - Level 1.5 Dodging
 * Level 9.9 Stealth


You had 6 spell levels left.
You didn't know any spells.

Dungeon Overview and Level Annotations

Branches:
Dungeon (5/15)
 Temple: D:4-7

Altars:
Kikubaaqudgha

Shops:
D:4 (


Innate Abilities, Weirdness & Mutations

You are tiny and cannot use many weapons and most armour.
You have supernaturally acute eyesight.
You are a herbivore.
You cover ground extremely quickly.
You need consume almost no food.


Message History

You hit the centaur.
The centaur is severely wounded.
The centaur misses you.
You completely miss the centaur.
The centaur is severely wounded.
The centaur hits you.
* * * LOW HITPOINT WARNING * * *
You barely miss the centaur.
The centaur is severely wounded.
The centaur barely misses you.
You hit the centaur but do no damage.
The centaur is severely wounded.
The centaur hits you but does no damage.
You hit the centaur but do no damage.
The centaur is severely wounded.
The centaur closely misses you.
You hit the centaur.
The centaur is almost dead.
The centaur hits you!
You die...

..# #.......................#..#.
..####..#.#.###.#.#.....##..#....
..............#.#.#.#.......#..##
#.#.##...##.###.#.#.............#
............# #.........####....#
#.....#..##.# ###.##....####.....
#.....##[##.# #.##.............
#.....##....#####..........†.....
#..............(@.##....##...#.#.
......)...##..###c##....##...#.#.
....##'##.##..###.##....##...#...
#..##8.8##.#.c...(##.#...+...###.
####.....###..#......#.###...# .
###8.....8##......#.##.# #...###
##.........##.....#.##.# #.....
#8.........8#.##%...##.###.... ##
'.....%.....'. ##.#....##.... ..


You could see a centaur.

Vanquished Creatures
  Eustachio (D:4)
  A phantom (D:4)
  An orc warrior (D:3)
  A scorpion (D:4)
  A crimson imp (D:5)
  A centaur zombie (D:5)
  A hound (D:4)
  Ijyb (D:2)
  An orc wizard (D:4)
  A worker ant (D:4)
  A centaur skeleton (D:4)
  3 adders
  2 worms (D:2)
  15 orcs
  10 goblins
  6 hobgoblins
  9 kobolds
  4 quokkas
  2 ball pythons
  5 bats
  8 giant cockroaches
  2 giant geckos (D:1)
  2 giant newts
  2 jackals (D:1)
  6 rats
87 creatures vanquished.

Vanquished Creatures (others)
  A human (D:3)
1 creature vanquished.

Grand Total: 88 creatures vanquished

Notes
Turn   | Place    | Note
--------------------------------------------------------------
     0 | D:1      | Stormsson the Spriggan Assassin began the quest for the Orb.
     0 | D:1      | Reached XP level 1. HP: 10/10 MP: 2/2
    39 | D:1      | Reached skill level 6 in Stealth
   141 | D:1      | Reached XP level 2. HP: 4/15 MP: 3/3
  1084 | D:2      | Reached XP level 3. HP: 12/18 MP: 4/4
  1095 | D:2      | Noticed Ijyb
  1163 | D:2      | Killed Ijyb
  1463 | D:2      | Reached skill level 7 in Stealth
  1481 | D:2      | Reached XP level 4. HP: 19/23 MP: 5/5
  2128 | D:3      | Noticed an orc warrior
  2161 | D:3      | Killed an orc warrior
  2161 | D:3      | Reached XP level 5. HP: 18/27 MP: 6/6
  2677 | D:3      | Reached skill level 8 in Stealth
  2923 | D:3      | Found an ancient bone altar of Kikubaaqudgha.
  2932 | D:3      | Noticed a human
  2935 | D:3      | Killed a human
  3181 | D:4      | Reached XP level 6. HP: 16/32 MP: 7/7
  3296 | D:4      | Noticed Eustachio
  3568 | D:4      | Killed Eustachio
  3568 | D:4      | Reached skill level 5 in Short Blades
  3568 | D:4      | Reached skill level 9 in Stealth
  3909 | D:4      | Found Ihafiec's Weapon Shoppe.
  3915 | D:4      | Reached XP level 7. HP: 36/36 MP: 8/8
  4128 | D:4      | Noticed a phantom
  4132 | D:4      | Killed a phantom
  4214 | D:5      | Entered Level 5 of the Dungeon
  4509 | D:5      | Slain by a centaur

Vault maps used:
D:1:      minmay_arrival_diagonal_passages, nrook_loot_triangle,
          supply_closet_lemuel
D:2:      first_bread, uniq_iyjb
D:3:      tgw_kikubaaqudgha
D:4:      serial_shops, nicolae_shop_stone, uniq_eustachio
D:5:      dk_noncrumbling_4, minmay_misc_feat_tower

Action                   |  1- 3 |  4- 6 |  7- 9 || total
-------------------------+-------+-------+-------++-------
Melee: Dagger            |   106 |   237 |    63 ||   406
 Fire: Blowgun           |     6 |    20 |       ||    26
  Use: Scroll            |     5 |     2 |       ||     7
       Potion            |     2 |     4 |     1 ||     7
 Stab: Sleeping          |    11 |     9 |     4 ||    24
       Distracted        |       |     1 |       ||     1
  Eat: Pizza             |       |     1 |       ||     1
